AoeStats
← Biscoitoso

Black Forest

510476588Analyzed
3v3 RM · 21h ago on Oct 1, 2026· 16m 47s· 6 players
Game mode
Random Map
Map size
Normal (6 player)
Population
200
Speed
Normal
Resources
Standard
Victory
Conquest
Starting age
Dark Age
Ending age
Imperial Age
RankedLock teamsTeams togetherTeam positionsShared explorationLock speedFull tech treeHidden civsTurbo modeCheats
Victory
Defeat
🇺🇸 Hindustanis · United States
795
+14
🇨🇳 Bohemians · China
748
+16
🇧🇷 Persians · Brazil
713
+16
🇺🇸 Vikings · United States
757
-16
🇦🇺 Spanish · Australia
745
-16
🇦🇺 Byzantines · Australia
715
-14
The Reich
1:09 Loom
12:32 Feudal Age
symon.mcare
9:57 Feudal Age
10:46 Double-Bit Axe
12:21 Loom
14:13 Loom
RoR | Yakka
0:28 Loom
14:25 Feudal Age
UnknownAxis0
0:54 Loom
12:45 Feudal Age
Biscoitoso
0:49 Loom
11:53 Feudal Age
13:09 Double-Bit Axe
13:11 Man-at-Arms
cold hand
11:49 Feudal Age
15:53 Castle Age
14:01 Double-Bit Axe
14:26 Horse Collar
17:18 Fervor
Connection lost

Rejoining the realm…

Still unreachable

The connection could not be restored.

Session expired

The server has moved on; the page needs a fresh start.